 Dungeon Crawl Stone Soup version 0.13.0-15-g9204fa6 (webtiles) character file.

68665 Kejsarherre the Executioner (level 15, 0/123 HPs)
             Began as a Hill Orc Wanderer on Oct 20, 2013.
             Was a High Priest of Lugonu.
             Slain by an angel
             ... wielding a +2,+2 sacred scourge of holy wrath
              (2 damage)
             ... on Level 1 of the Abyss.
             The game lasted 01:25:21 (28241 turns).

Kejsarherre the Executioner (Hill Orc Wanderer)    Turns: 28241, Time: 01:25:21

HP   0/123       AC 25     Str 28      XL: 15   Next: 22%
MP  22/22        EV  8     Int 13 (15) God: Lugonu [*****.]
Gold 1572        SH  0     Dex  6      Spells:  2 memorised,  9 levels left

Res.Fire  : . . .   See Invis. : .   a - +6,+5 executioner's axe (elec)
Res.Cold  : . . .   Warding    : .   h - +2 orc chain mail
Life Prot.: . . .   Conserve   : +   (no shield)
Res.Poison: .       Res.Corr.  : +   c - +1 dwarf plumed helmet
Res.Elec. : .       Clarity    : .   I - +0 cloak {rCorr, Cons}
Sust.Abil.: . .     Spirit.Shd : .   p - +2 pair of gauntlets
Res.Mut.  : .       Stasis     : .   b - +1 pair of boots
Res.Rott. : .       Flight     : .   J - amulet of rage
Saprovore : + . .                    Q - +4,+2 ring of slaying
                                     U - ring of protection from magic

@: mighty, glowing, drained, slow, quite resistant to hostile enchantments,
extremely unstealthy
A: carnivore 1, -10% mp, saprovore 1, slowness 1
a: Depart the Abyss, Bend Space, Banish, Corrupt, Enter the Abyss, Renounce
Religion, Evoke Berserk Rage


You were on level 1 of the Abyss.
You worshipped Lugonu.
Lugonu was extremely pleased with you.
You were not hungry.

You visited 2 branches of the dungeon, and saw 22 of its levels.
You visited the Abyss 3 times.
You also visited: Labyrinth.

You collected 1522 gold pieces.

Inventory:

Hand weapons
 a - a +6,+5 executioner's axe of electrocution (weapon)
 q - the +4,+9 broad axe of the Wraith {pain, +Blink +Fly rElec rN+}
   (You found it on level 14 of the Dungeon)

   In the hands of one skilled in necromantic magic, it inflicts extra damage on
   living creatures.
   It insulates you from electricity.
   It protects you from negative energy.
   It lets you fly.
   It lets you blink.
 V - a +1,+0 battleaxe
Missiles
 f - 7 curare-tipped needles
Armour
 b - a +1 pair of boots (worn)
 c - a +1 dwarven plumed helmet (worn)
 h - a +2 orcish chain mail (worn)
 p - a +2 pair of gauntlets (worn)
 I - a +0 cloak of preservation (worn)
Magical devices
 e - a wand of cold (1)
 j - a wand of slowing (14)
 w - a wand of digging (13) {unknown}
Comestibles
 v - 4 bread rations
Scrolls
 g - a scroll of fog
 l - 4 scrolls of fear
 m - 4 scrolls of magic mapping
 t - 4 scrolls of remove curse
 x - 2 scrolls of identify
 y - a scroll of recharging
 P - 3 scrolls of teleportation
Jewellery
 n - an uncursed ring of see invisible
 J - an amulet of rage (around neck)
 L - an uncursed amulet of clarity
 M - an uncursed ring of flight
 Q - a +4,+2 ring of slaying (right hand)
 T - an uncursed amulet of stasis
 U - a ring of protection from magic (left hand)
Potions
 d - 4 potions of magic
 k - 4 potions of restore abilities
 o - 3 potions of flight
 r - 2 potions of resistance
 u - 2 potions of curing
 R - 4 potions of might
Books
 s - a book of Control

   Spells                             Type                      Level
   Control Teleport                   Charms/Translocation         4
   Control Undead                     Necromancy                   4
   Enslavement                        Hexes                        4
   Mass Confusion                     Hexes                        6
   Metabolic Englaciation             Hexes/Ice                    6
Miscellaneous
 i - a lamp of fire (inert)
 D - a lamp of fire (inert)


   Skills:
 - Level 11.3(10.4) Fighting
 + Level 22.6(21.5) Axes
   Level 4.3(3.6) Maces & Flails
 - Level 1.0(0.3) Throwing
 - Level 13.4(12.5) Armour
 - Level 1.0(0.3) Stealth
 - Level 5.4(4.6) Charms
 - Level 1.5(0.8) Necromancy
 - Level 5.3(4.5) Fire Magic
 - Level 6.7(5.9) Invocations


You had 9 spell levels left.
You knew the following spells:

 Your Spells              Type           Power        Failure   Level  Hunger
a - Fire Brand            Chrm/Fire      ##........   14%         2    ###....
b - Regeneration          Chrm/Necr      #.........   63%         3    ####...


Dungeon Overview and Level Annotations

Branches:
Dungeon (14/27)            Temple (0/1) D:4             Orc (0/4) D:8
   Lair (8/8) D:9           Swamp (0/5) Lair:3        Snake (0/5) Lair:4
  Slime (0/6) Lair:7

Altars:
Elyvilon
Kikubaaqudgha
Makhleb
Trog
Yredelemnul
Zin
Beogh
Jiyva

Annotations:
D:8 exclusions: ice statue and orange crystal statue
D:10 3 exclusions


Innate Abilities, Weirdness & Mutations

You can tolerate rotten meat.
Your digestive system is specialised to digest meat.
Your magical capacity is low (-10% MP).
You cover ground slowly.


Message History

You feel very mighty all of a sudden.
You chop the angel into pieces!!!
The angel is heavily wounded.
The angel hits you with a sacred scourge of holy wrath.
The angel hits you with a sacred scourge of holy wrath!
* * * LOW HITPOINT WARNING * * *
The angel hits you but does no damage. The angel closely misses you.
You closely miss the angel.
The angel is heavily wounded.
Your fire elemental barely misses the angel.
The angel hits you with a sacred scourge of holy wrath!
* * * LOW HITPOINT WARNING * * *
The angel hits you with a sacred scourge of holy wrath.
* * * LOW HITPOINT WARNING * * *
You closely miss the angel.
The angel is heavily wounded.
The angel hits you with a sacred scourge of holy wrath!
* * * LOW HITPOINT WARNING * * *
The angel hits you with a sacred scourge of holy wrath.
You die...

.. #.#
#.# ..
#.### #
#..@# .
# #..A#
# .
...#E##
#...#E#
.
...§§§#
...§#
.. .§#
## ..
.## . .
.


You could see an angel and 2 friendly fire elementals.

Vanquished Creatures
  A dire elephant (Lair:8)
  The ghost of Kejsarherre the Severer, a powerful HOWn of the Shining One (D:11)
  A minotaur (Lab)
  A dragon (D:14)
  2 hydras (Lair:3)
  Nessos (D:14)
  5 death yaks
  A centaur warrior (D:13)
  A deep troll shaman (Lair:8)
  A fire crab (shapeshifter) (D:14)
  A catoblepas (Lair:8)
  4 skeletal warriors (D:14)
  An unseen horror (D:14)
  2 orc knights
  2 hill giants
  A cyclops (D:14)
  2 orc sorcerers (D:14)
  A griffon (Lair:7)
  An apocalypse crab (Abyss:1)
  13 elephants
  6 black mambas
  An eye of devastation (D:12)
  Maurice (D:11)
  10 spiny frogs
  A smoke demon (D:14)
  4 komodo dragons
  2 queen bees
  Grinder (D:5)
  2 blue devils (D:14)
  Sonja (D:14)
  25 blink frogs
  3 trolls (D:14)
  3 two-headed ogres
  6 slime creatures (D:14)
  A griffon zombie (D:10)
  A ynoxinul (Abyss:1)
  A wraith (D:13)
  43 yaks
  An elephant slug (Lair:5)
  A basilisk (Lair:1)
  4 hungry ghosts
  2 wyverns
  3 sharks
  4 hippogriffs
  Grum (D:9)
  2 spriggan skeletons (D:12)
  A hill giant skeleton (D:7)
  2 swamp worms (Lair:3)
  A manticore (D:10)
  24 wolves
  Edmund (D:9)
  11 porcupines
  A necrophage (D:12)
  A naga (Lair:4)
  A yellow wasp (D:11)
  2 small abominations (Abyss:1)
  4 black bears
  7 ogres
  3 sky beasts
  7 giant goldfish
  6 centaurs
  A boring beetle (Lair:2)
  7 orc warriors
  4 ice beasts
  2 phantoms
  A warg (D:8)
  4 big kobolds
  17 giant frogs
  9 water moccasins
  19 crocodiles
  4 giant slugs
  Blork the orc (D:7)
  An agate snail (Lair:8)
  A manticore zombie (D:12)
  A manticore skeleton (D:11)
  An eye of draining (D:12)
  58 killer bees
  4 jellyfish (D:11)
  9 wights
  10 electric eels
  5 goliath beetles
  9 crimson imps
  A giant frog zombie (D:5)
  A centaur zombie (D:11)
  2 iron imps (Abyss:1)
  6 jellies
  2 scorpions
  Crazy Yiuf (D:3)
  A quasit (D:7)
  13 hounds
  13 orc priests
  A two-headed ogre zombie (D:9)
  A two-headed ogre skeleton (D:11)
  A giant frog skeleton (D:6)
  10 orc wizards
  11 worker ants
  9 big fish
  9 iguanas
  30 sheep
  2 big kobold zombies
  Ijyb (D:3)
  2 ogre skeletons
  A sky beast zombie (D:10)
  A hound skeleton (D:7)
  2 hound zombies
  11 gnolls
  59 green rats
  13 adders
  4 giant centipedes
  A worm zombie (D:7)
  A white imp (D:14)
  2 worms
  A giant mite (Lair:7)
  2 ufetubi (D:14)
  A scorpion zombie (D:7)
  4 giant eyeballs
  5 giant geckos
  An ooze (D:1)
  50 orcs
  A ball python (D:3)
  17 bats
  4 giant cockroaches
  50 hobgoblins
  26 jackals
  6 giant newts
  37 goblins
  27 kobolds
  A kobold skeleton (D:9)
  10 orc zombies (D:14)
  8 quokkas
  A quokka skeleton (D:4)
  16 rats
  2 rat skeletons
  9 ballistomycetes
  5 fungi
  5 plants
914 creatures vanquished.

Vanquished Creatures (collateral kills)
  A death yak (Lair:8)
  A blink frog (Lair:5)
2 creatures vanquished.

Vanquished Creatures (others)
  A death yak (Lair:8)
  An unseen horror (D:14)
  2 blink frogs (Lair:1)
  2 fire elementals
  A yak (D:8)
  A wolf (D:9)
  A hill giant skeleton (D:7)
  A porcupine (D:9)
  3 orc warriors
  A sky beast (D:6)
  2 crocodiles (D:9)
  A water moccasin (D:9)
  2 orc priests (D:6)
  An orc (D:14)
  3 giant spores
  A butterfly (Abyss:1)
  2 fungi
  5 plants
31 creatures vanquished.

Grand Total: 947 creatures vanquished

Notes
Turn   | Place    | Note
--------------------------------------------------------------
     0 | D:1      | Kejsarherre, the Hill Orc Wanderer, began the quest for the Orb.
     0 | D:1      | Reached XP level 1. HP: 15/15 MP: 1/1
   289 | D:1      | Reached XP level 2. HP: 20/22 MP: 2/2
   769 | D:2      | Reached skill level 1 in Axes
   769 | D:2      | Reached XP level 3. HP: 12/27 MP: 3/3
  1380 | D:2      | Reached XP level 4. HP: 20/34 MP: 4/4
  1812 | D:2      | Found a bloodstained altar of Trog.
  2025 | D:3      | Reached skill level 5 in Armour
  2197 | D:3      | Learned a level 2 spell: Fire Brand
  2270 | D:3      | Reached XP level 5. HP: 37/40 MP: 5/5
  2272 | D:3      | Noticed Ijyb
  2273 | D:3      | Paralysed by Ijyb for 2 turns
  2285 | D:3      | Killed Ijyb
  2362 | D:3      | Reached skill level 1 in Fire Magic
  2459 | D:3      | Noticed Crazy Yiuf
  2504 | D:3      | Cast into the Abyss (Crazy Yiuf)
  2504 | Abyss:1  | Found a corrupted altar of Lugonu.
  2516 | Abyss:1  | Became a worshipper of Lugonu the Unformed
  2516 | Abyss:1  | Acquired Lugonu's first power
  2517 | D:3      | Escaped the Abyss
  2519 | D:3      | Killed Crazy Yiuf
  2570 | D:3      | Reached XP level 6. HP: 27/48 MP: 6/6
  2905 | D:3      | Reached skill level 1 in Charms
  2990 | D:4      | Reached skill level 5 in Axes
  3403 | D:4      | Reached XP level 7. HP: 13/53 MP: 7/7
  3682 | D:4      | Found a burning altar of Makhleb.
  3709 | D:4      | Found a white marble altar of Elyvilon.
  4026 | D:4      | Found a staircase to the Ecumenical Temple.
  4077 | D:4      | Reached skill level 6 in Axes
  4303 | D:5      | Entered Level 5 of the Dungeon
  4331 | D:5      | Acquired Lugonu's second power
  4585 | D:5      | Paralysed by a giant eyeball for 3 turns
  4591 | D:5      | Paralysed by a giant eyeball for 3 turns
  4620 | D:5      | Acquired Lugonu's third power
  4624 | D:5      | Noticed Grinder
  4624 | D:5      | Paralysed by Grinder for 3 turns
  4657 | D:5      | Killed Grinder
  4657 | D:5      | Reached skill level 8 in Axes
  4657 | D:5      | Reached XP level 8. HP: 33/61 MP: 1/8
  4780 | D:5      | Found a burning altar of Makhleb.
  4782 | D:5      | Found a glowing silver altar of Zin.
  4782 | D:5      | Noticed an angel
  4783 | D:5      | Noticed an Executioner
  4801 | D:5      | Found a white marble altar of Elyvilon.
  4873 | D:5      | Reached skill level 1 in Invocations
  5049 | D:5      | Reached skill level 9 in Axes
  5120 | D:5      | Acquired Lugonu's fourth power
  5296 | D:5      | Learned a level 3 spell: Regeneration
  5344 | D:5      | Reached skill level 10 in Axes
  5873 | D:6      | Acquired Lugonu's fifth power
  5876 | D:6      | Reached skill level 11 in Axes
  6014 | D:6      | Reached XP level 9. HP: 15/67 MP: 5/15
  6704 | D:5      | Reached skill level 5 in Invocations
  6950 | D:6      | Reached skill level 12 in Axes
  7378 | D:6      | HP: 1/67 [orc/orcish war axe (7)]
  8003 | D:7      | Noticed Blork the orc
  8023 | D:7      | Killed Blork the orc
  8445 | D:7      | Paralysed by a giant eyeball for 3 turns
  8452 | D:7      | Paralysed by a giant eyeball for 2 turns
  8632 | D:7      | Reached XP level 10. HP: 26/74 MP: 20/20
  9535 | D:8      | Found a staircase to the Orcish Mines.
 10011 | D:8      | Noticed an ice statue
 10200 | D:8      | Found a roughly hewn altar of Beogh.
 10529 | D:8      | Reached skill level 10 in Armour
 10800 | D:8      | Found a basalt altar of Yredelemnul.
 10875 | D:9      | Found an ancient bone altar of Kikubaaqudgha.
 10899 | D:9      | Reached skill level 5 in Fighting
 10908 | D:9      | Noticed Grum
 11615 | D:9      | Found a staircase to the Lair.
 11630 | D:9      | Killed Grum
 11687 | D:9      | Reached XP level 11. HP: 65/84 MP: 21/21
 12104 | D:9      | Noticed Edmund
 12112 | D:9      | Killed Edmund
 12807 | D:10     | Entered Level 10 of the Dungeon
 13210 | D:10     | Paralysed by a giant eyeball for 3 turns
 13436 | D:11     | Noticed Kejsarherre's ghost (powerful HOWn)
 13473 | D:11     | Killed Kejsarherre's ghost
 13694 | D:11     | Reached skill level 13 in Axes
 13797 | D:11     | Found a labyrinth entrance.
 13803 | Lab      | Entered a labyrinth
 14653 | Lab      | Noticed a minotaur
 14661 | Lab      | Killed a minotaur
 14676 | Lab      | Got a bloodstained cloak
 14680 | Lab      | Identified the cursed +0 cloak of Vank {Dam+2} (You found it in a labyrinth)
 14929 | D:11     | Noticed Maurice
 14992 | D:11     | Reached XP level 12. HP: 97/97 MP: 22/22
 15390 | D:11     | Killed Maurice
 15398 | D:11     | Identified a +0 cloak of preservation (You took it off Maurice on level 11 of the Dungeon)
 15800 | D:12     | Reached skill level 10 in Fighting
 15800 | D:12     | Reached skill level 14 in Axes
 16323 | D:13     | Noticed a yaktaur captain
 16330 | D:13     | Noticed a shadow dragon
 16332 | D:13     | Noticed a tengu reaver
 16339 | D:13     | Noticed a deep troll shaman
 16503 | Lair:1   | Entered Level 1 of the Lair of Beasts
 17626 | Lair:1   | Reached skill level 1 in Necromancy
 18050 | Lair:1   | Reached skill level 15 in Axes
 18701 | Lair:2   | Reached XP level 13. HP: 65/106 MP: 23/23
 18963 | Lair:2   | Reached skill level 5 in Charms
 19602 | Lair:3   | Reached skill level 5 in Fire Magic
 19992 | Lair:3   | Reached skill level 16 in Axes
 20626 | Lair:3   | Identified a scroll of acquirement
 20877 | Lair:3   | Found a staircase to the Swamp.
 21263 | Lair:4   | Reached skill level 17 in Axes
 21509 | Lair:4   | Found a staircase to the Snake Pit.
 22364 | Lair:5   | Reached skill level 18 in Axes
 22610 | Lair:5   | Reached XP level 14. HP: 76/115 MP: 24/24
 22999 | Lair:5   | Reached skill level 19 in Axes
 23797 | Lair:7   | Gained mutation: Your magical capacity is low (-10% MP). [potion of mutation]
 23797 | Lair:7   | Gained mutation: Your digestive system is specialised to digest meat. [potion of mutation]
 23797 | Lair:7   | Gained mutation: You cover ground slowly. [potion of mutation]
 24399 | Lair:7   | Reached skill level 20 in Axes
 24478 | Lair:7   | Found a viscous altar of Jiyva.
 24478 | Lair:7   | Found a staircase to the Slime Pits.
 24561 | Lair:8   | Entered Level 8 of the Lair of Beasts
 25629 | Lair:8   | Reached skill level 21 in Axes
 26580 | D:13     | Escaped the Abyss
 26594 | D:13     | Noticed a seven-headed hydra
 26874 | D:14     | Entered Level 14 of the Dungeon
 27098 | D:14     | Paralysed by a giant eyeball for 2 turns
 27227 | D:14     | Noticed Sonja
 27234 | D:14     | Killed Sonja
 27384 | D:14     | Reached XP level 15. HP: 70/123 MP: 22/22
 27606 | D:14     | Reached skill level 22 in Axes
 28040 | D:14     | Got a steaming broad axe
 28041 | D:14     | Identified the +4,+9 broad axe of the Wraith {pain, +Blink +Fly rElec rN+} (You found it on level 14 of the Dungeon)
 28050 | D:14     | Noticed Nessos
 28061 | D:14     | Killed Nessos
 28108 | D:14     | HP: 5/123 [orc high priest/divine providence (12)]
 28116 | Abyss:1  | Noticed an angel
 28241 | Abyss:1  | HP: 2/123 [angel/sacred scourge of holy wrath (17)]
 28241 | Abyss:1  | Slain by an angel

Action                   |  1- 3 |  4- 6 |  7- 9 | 10-12 | 13-15 || total
-------------------------+-------+-------+-------+-------+-------++-------
Melee: Hand axe          |   148 |    48 |    16 |     9 |       ||   221
       War axe           |       |   123 |   516 |   676 |       ||  1315
       Battleaxe         |       |       |       |   631 |   264 ||   895
       Executioner's axe |       |       |       |       |   718 ||   718
 Fire: Blowgun           |       |    11 |    34 |    22 |    18 ||    85
Throw: Hand axe          |       |       |     2 |     1 |       ||     3
 Cast: Fire Brand        |       |     2 |     5 |       |     4 ||    11
Invok: Depart the Abyss  |       |     1 |       |       |     1 ||     2
       Banish            |       |       |     7 |    15 |     3 ||    25
       Bend Space        |       |       |       |     1 |     2 ||     3
       Enter the Abyss   |       |       |       |       |     2 ||     2
Evoke: Wand              |     1 |       |       |     1 |     7 ||     9
       Miscellaneous     |       |       |       |     1 |     5 ||     6
  Use: Scroll            |     3 |       |    14 |    17 |    20 ||    54
       Potion            |       |     6 |     5 |     5 |    16 ||    32
